Pittsburgh Penguins vs Vegas Golden Knights
Created - Sunday, October 20, 2024 at 11:48
Goals
|
| Pittsburgh Penguins |
0 |
1 |
0 |
1 |
| Vegas Golden Knights |
1 |
2 |
0 |
3 |
|
Shots
|
| Pittsburgh Penguins |
10 |
17 |
11 |
38 |
| Vegas Golden Knights |
11 |
14 |
9 |
34 |
|
1st period
1. Vegas Golden Knights , Sean Monahan 21 (John Marino 11) at 12:24
Penalties :
No Penalty
2nd period
2. Vegas Golden Knights , Sean Monahan 22 (Tyler Bertuzzi 18) at 5:04
3. Vegas Golden Knights , Conor Sheary 6 (Jordan Staal 19, Reilly Smith 20) at 11:45
4. Pittsburgh Penguins , Mark Giordano 2 (Jordan Eberle 10, Dylan Guenther 13) at 12:27
Penalties :
Erik Gudbranson (PIT) for Delaying the game (Minor) at 0:22, Pavel Buchnevich (PIT) for Cross-checking (Minor) at 7:36
3rd period
No Goal
Penalties :
Erik Gudbranson (PIT) for Interference (Minor) at 7:08, Dylan Guenther (PIT) for Tripping (Minor) at 9:31, Mattias Ekholm (PIT) for Interference (Minor) at 18:28
Goalie Stats
Jordan Binnington (PIT), 31 saves from 34 shots - (0.912), L, 21-15-3, 60:00 minutes
Alexandar Georgiev (VGK), 37 saves from 38 shots - (0.974), W, 13-9-2, 60:00 minutes
Players Stats for Pittsburgh Penguins
Player Name G A P +/- PIM S H SB GA TA FO MP PP MP PK MP
------------------------------------------------------------------------------------
Blake Coleman 0 0 0 -1 0 2 1 2 0 0 0/1 14:16 0:00 0:05
Brian Dumoulin 0 0 0 1 0 1 2 2 0 0 0/0 17:55 0:00 1:28
Brock Faber 0 0 0 -3 0 2 2 0 0 0 0/0 22:21 0:00 5:08
Dylan Guenther 0 1 1 1 2 2 0 0 0 0 0/0 13:47 0:00 0:17
Erik Gudbranson 0 0 0 -3 4 1 0 3 0 2 0/0 19:12 0:00 2:49
Erik Karlsson 0 0 0 0 0 0 0 2 1 0 0/0 22:18 0:00 4:31
Gabriel Vilardi 0 0 0 0 0 4 0 0 2 0 1/2 9:01 0:00 0:00
Jake Neighbours 0 0 0 0 0 0 1 0 1 0 0/0 9:01 0:00 0:00
James van Riemsdyk 0 0 0 0 0 2 1 0 0 0 1/1 9:01 0:00 0:00
Jean-Gabriel Pageau 0 0 0 1 0 2 0 0 0 0 8/12 14:29 0:00 0:58
Jordan Eberle 0 1 1 1 0 3 0 1 0 0 1/1 13:04 0:00 0:00
Leon Draisaitl 0 0 0 -2 0 4 2 1 1 0 8/18 18:36 0:00 4:23
Mark Giordano 1 0 1 1 0 1 1 0 0 1 0/0 16:25 0:00 0:52
Mattias Ekholm 0 0 0 0 2 2 5 3 0 2 0/0 21:52 0:00 4:06
Mitchell Marner 0 0 0 -1 0 4 0 0 1 0 1/4 18:47 0:00 4:59
Pavel Buchnevich 0 0 0 -2 2 1 0 0 0 0 1/3 18:03 0:00 3:49
Phillip Danault 0 0 0 -1 0 2 1 0 1 0 9/25 13:44 0:00 0:00
Sam Reinhart 0 0 0 -2 0 5 1 0 0 0 0/0 18:36 0:00 4:23
Players Stats for Vegas Golden Knights
Player Name G A P +/- PIM S H SB GA TA FO MP PP MP PK MP
------------------------------------------------------------------------------------
Cody Glass 0 0 0 0 0 2 1 0 0 0 0/1 12:18 0:00 0:00
Conor Sheary 1 0 1 0 0 3 0 2 0 0 0/1 14:43 0:00 0:00
Curtis Lazar 0 0 0 0 0 1 2 1 0 0 0/0 9:14 0:00 0:00
Danton Heinen 0 0 0 0 0 4 0 1 1 0 0/1 12:18 0:00 0:00
John Marino 0 1 1 1 0 1 0 2 0 2 0/0 16:13 0:00 0:00
Jordan Staal 0 1 1 0 0 2 0 2 0 0 12/18 19:28 4:40 0:00
Marc-Edouard Vlasic 0 0 0 0 0 1 1 0 0 1 0/0 21:56 4:42 0:00
Pierre-edouard Bellemare 0 0 0 0 0 1 0 0 0 0 1/3 9:14 0:00 0:00
Reilly Smith 0 1 1 0 0 3 4 1 1 0 0/1 19:28 4:40 0:00
Roman Josi 0 0 0 1 0 1 1 1 0 0 0/0 21:51 4:45 0:00
Ryan Graves 0 0 0 1 0 1 4 1 1 0 0/0 21:51 4:45 0:00
Sean Couturier 0 0 0 0 0 1 2 1 1 0 9/12 17:03 4:40 0:00
Sean Monahan 2 0 2 2 0 5 1 2 0 1 14/28 19:00 4:47 0:00
Thomas Chabot 0 0 0 0 0 0 1 1 0 1 0/0 21:56 4:42 0:00
Travis Hamonic 0 0 0 1 0 1 0 2 0 1 0/0 16:13 0:00 0:00
Trevor Lewis 0 0 0 0 0 0 1 0 0 0 0/0 9:14 0:00 0:00
Tyler Bertuzzi 0 1 1 2 0 2 0 0 1 1 1/2 19:00 4:47 0:00
Tyler Toffoli 0 0 0 2 0 5 2 1 0 0 0/0 19:00 4:47 0:00
3 Stars
1 - Alexandar Georgiev (VGK)
2 - Sean Monahan (VGK)
3 - Conor Sheary (VGK)
Power Play
Pittsburgh Penguins - 0 on 0 Attempt(s) - 0.00%
Vegas Golden Knights - 0 on 5 Attempt(s) - 0.00%
Penalty Kill
Pittsburgh Penguins - 5 on 5 Attempt(s) - 100.00%
- Score 0 goal in Penalty Kill
Vegas Golden Knights - 0 on 0 Attempt(s) - 0.00%
- Score 0 goal in Penalty Kill
Team Stat
Pittsburgh Penguins - Hits : 17 - Faceoff Wins : 30 - Blocked Shots : 14 - Penalty Minutes : 10
Vegas Golden Knights - Hits : 20 - Faceoff Wins : 37 - Blocked Shots : 18 - Penalty Minutes : 0
Official
Referees : Garrett Rank and Brandon Blandina
Linesman : Unknown
Game Notes
No Game Note
Finance
Level 1 -- Attendance: 6000 (100.00%) -- Ticket Income $570,000
Level 2 -- Attendance: 5000 (100.00%) -- Ticket Income $275,000
Level 3 -- Attendance: 3000 (100.00%) -- Ticket Income $90,000
Level 4 -- Attendance: 4617 (92.34%) -- Ticket Income $92,340
Luxury Box -- Attendance: 902 (90.20%) -- Ticket Income $171,380
Game was played at the T-Mobile Arena.
Total Attendance: 19519 (97.60%)
Total Ticket Income: $1,198,720
Other Income: $419,552
Total Income: $1,618,272
Pittsburgh Penguins
5 vs 5 Forward
Center Left Wing Right Wing Time % Phy DF OF
1 Leon Draisaitl Pavel Buchnevich Sam Reinhart 30 1 2 2
2 Phillip Danault Blake Coleman Mitchell Marner 30 1 2 2
3 Jean-Gabriel Pageau Dylan Guenther Jordan Eberle 25 1 2 2
4 Gabriel Vilardi Jake Neighbours James van Riemsdyk 15 1 2 2
5 vs 5 Defense
Defense Defense Time % Phy DF OF
1 Mattias Ekholm Erik Karlsson 35 1 2 2
2 Erik Gudbranson Brock Faber 35 1 2 2
3 Mark Giordano Brian Dumoulin 30 1 2 2
4 Mattias Ekholm Erik Karlsson 0 1 2 2
PowerPlay Forward
Center Left Wing Right Wing Time % Phy DF OF
1 Leon Draisaitl Pavel Buchnevich Sam Reinhart 50 1 2 2
2 Phillip Danault Blake Coleman Mitchell Marner 50 1 2 2
PowerPlay Defense
Defense Defense Time % Phy DF OF
1 Mattias Ekholm Erik Karlsson 50 1 2 2
2 Erik Gudbranson Brock Faber 50 1 2 2
Penalty Kill 4 Players Forward
Center Wing Time % Phy DF OF
1 Leon Draisaitl Sam Reinhart 50 1 2 2
2 Mitchell Marner Pavel Buchnevich 50 1 2 2
Penalty Kill 4 Players Defense
Defense Defense Time % Phy DF OF
1 Mattias Ekholm Erik Karlsson 50 1 2 2
2 Erik Gudbranson Brock Faber 50 1 2 2
Penalty Kill - 3 Players Forward
Forward Time % Phy DF OF
1 Leon Draisaitl 50 1 2 2
2 Sam Reinhart 50 1 2 2
Penalty Kill - 3 Players Defense
Defense Defense Time % Phy DF OF
1 Mattias Ekholm Erik Karlsson 50 1 2 2
2 Erik Gudbranson Brock Faber 50 1 2 2
4 vs 4 Forward
Center Wing Time % Phy DF OF
1 Leon Draisaitl Sam Reinhart 50 1 2 2
2 Mitchell Marner Pavel Buchnevich 50 1 2 2
4 vs 4 Defense
Defense Defense Time % Phy DF OF
1 Mattias Ekholm Erik Karlsson 50 1 2 2
2 Erik Gudbranson Brock Faber 50 1 2 2
Last Minutes Offensive
Center Left Wing Right Wing Defense Defense
Leon Draisaitl Pavel Buchnevich Sam Reinhart Mattias Ekholm Erik Karlsson
Last Minutes Defensive
Center Left Wing Right Wing Defense Defense
Leon Draisaitl Pavel Buchnevich Sam Reinhart Mattias Ekholm Erik Karlsson
Goaltenders
Starting : Jordan Binnington
Backup : Marc-Andre Fleury
Extra Forwards
Normal : Jake Neighbours, Jordan Eberle, Jean-Gabriel Pageau - PP : Jake Neighbours, Jordan Eberle - PK : Jean-Gabriel Pageau
Extra Defensemen
Normal : Mark Giordano, Brian Dumoulin, Erik Gudbranson - PP : Mark Giordano - PK : Brian Dumoulin, Erik Gudbranson
Penalty Shots
Leon Draisaitl, Sam Reinhart, Mitchell Marner, Pavel Buchnevich, Blake Coleman
Scratches
None
Vegas Golden Knights
5 vs 5 Forward
Center Left Wing Right Wing Time % Phy DF OF
1 Sean Monahan Tyler Toffoli Tyler Bertuzzi 30 1 2 2
2 Jordan Staal Conor Sheary Reilly Smith 30 1 2 2
3 Sean Couturier Cody Glass Danton Heinen 25 1 2 2
4 Pierre-edouard Bellemare Curtis Lazar Trevor Lewis 15 1 2 2
5 vs 5 Defense
Defense Defense Time % Phy DF OF
1 Roman Josi Ryan Graves 35 1 2 2
2 Marc-Edouard Vlasic Thomas Chabot 35 1 2 2
3 John Marino Travis Hamonic 30 1 2 2
4 Roman Josi Ryan Graves 0 1 2 2
PowerPlay Forward
Center Left Wing Right Wing Time % Phy DF OF
1 Sean Monahan Tyler Toffoli Tyler Bertuzzi 50 1 2 2
2 Sean Couturier Jordan Staal Reilly Smith 50 1 2 2
PowerPlay Defense
Defense Defense Time % Phy DF OF
1 Roman Josi Ryan Graves 50 1 2 2
2 Marc-Edouard Vlasic Thomas Chabot 50 1 2 2
Penalty Kill 4 Players Forward
Center Wing Time % Phy DF OF
1 Jordan Staal Trevor Lewis 50 1 2 2
2 Pierre-edouard Bellemare Curtis Lazar 50 1 2 2
Penalty Kill 4 Players Defense
Defense Defense Time % Phy DF OF
1 Roman Josi Ryan Graves 50 1 2 2
2 Marc-Edouard Vlasic Thomas Chabot 50 1 2 2
Penalty Kill - 3 Players Forward
Forward Time % Phy DF OF
1 Jordan Staal 50 1 2 2
2 Pierre-edouard Bellemare 50 1 2 2
Penalty Kill - 3 Players Defense
Defense Defense Time % Phy DF OF
1 Roman Josi Ryan Graves 50 1 2 2
2 Marc-Edouard Vlasic Thomas Chabot 50 1 2 2
4 vs 4 Forward
Center Wing Time % Phy DF OF
1 Sean Monahan Tyler Toffoli 50 1 2 2
2 Sean Couturier Reilly Smith 50 1 2 2
4 vs 4 Defense
Defense Defense Time % Phy DF OF
1 Roman Josi Ryan Graves 50 1 2 2
2 Marc-Edouard Vlasic Thomas Chabot 50 1 2 2
Last Minutes Offensive
Center Left Wing Right Wing Defense Defense
Sean Monahan Tyler Toffoli Reilly Smith Roman Josi Ryan Graves
Last Minutes Defensive
Center Left Wing Right Wing Defense Defense
Sean Monahan Tyler Toffoli Reilly Smith Roman Josi Ryan Graves
Goaltenders
Starting : Alexandar Georgiev
Backup : Cayden Primeau
Extra Forwards
Normal : Danton Heinen, Trevor Lewis, Curtis Lazar - PP : Danton Heinen, Trevor Lewis - PK : Curtis Lazar
Extra Defensemen
Normal : John Marino, Travis Hamonic, Marc-Edouard Vlasic - PP : John Marino - PK : Travis Hamonic, Marc-Edouard Vlasic
Penalty Shots
Sean Monahan, Tyler Toffoli, Sean Couturier, Reilly Smith, Jordan Staal
Scratches
Zachary Jones (Healthy), Maxime Comtois (Healthy), Shea Theodore (Healthy), Zachary L'Heureux (Healthy), Nathan Gaucher (Healthy)
% Time on Ice - Pittsburgh Penguins
Lines # - Real PCT - Wanted PCT - Time Play
Normal Forward
1 - 29% - 30% - 14:40
2 - 27% - 30% - 13:48
3 - 26% - 25% - 13:04
4 - 18% - 15% - 9:01
Normal Defense
1 - 34% - 35% - 17:10
2 - 34% - 35% - 17:13
3 - 31% - 30% - 15:33
4 - 1% - 0% - 0:37
PP Forward
1 - 0% - 50%
2 - 0% - 50%
PP Defense
1 - 0% - 50%
2 - 0% - 50%
PK Forward
1 - 47% - 50% - 4:28
2 - 53% - 50% - 4:59
PK Defense
1 - 46% - 50% - 4:19
2 - 54% - 50% - 5:08
PK3 Forward
1 - 0% - 50%
2 - 0% - 50%
PK3 Defense
1 - 0% - 50%
2 - 0% - 50%
44 Forward
1 - 0% - 50%
2 - 0% - 50%
44 Defense
1 - 0% - 50%
2 - 0% - 50%
Last Minute Offensive - 0:00
Last Minute Defensive - 0:00
Total
Forward - 60:00
Defense - 60:00
|
% Time on Ice - Vegas Golden Knights
Lines # - Real PCT - Wanted PCT - Time Play
Normal Forward
1 - 28% - 30% - 14:13
2 - 29% - 30% - 14:48
3 - 24% - 25% - 12:18
4 - 18% - 15% - 9:14
Normal Defense
1 - 34% - 35% - 17:06
2 - 34% - 35% - 17:14
3 - 32% - 30% - 16:13
4 - 0% - 0% - 0:00
PP Forward
1 - 51% - 50% - 4:47
2 - 49% - 50% - 4:40
PP Defense
1 - 50% - 50% - 4:45
2 - 50% - 50% - 4:42
PK Forward
1 - 0% - 50%
2 - 0% - 50%
PK Defense
1 - 0% - 50%
2 - 0% - 50%
PK3 Forward
1 - 0% - 50%
2 - 0% - 50%
PK3 Defense
1 - 0% - 50%
2 - 0% - 50%
44 Forward
1 - 0% - 50%
2 - 0% - 50%
44 Defense
1 - 0% - 50%
2 - 0% - 50%
Last Minute Offensive - 0:00
Last Minute Defensive - 0:00
Total
Forward - 60:00
Defense - 60:00
|
Play-by-Play
1st period
0:01 of 1st period - Sean Monahan wins face-off versus Leon Draisaitl in neutral zone.
0:14 of 1st period - Snap shot by Sean Monahan.
0:14 of 1st period - Stopped by Jordan Binnington with a rebound.
0:30 of 1st period - Snap shot by Phillip Danault.
0:30 of 1st period - Stopped by Alexandar Georgiev with a rebound.
0:32 of 1st period - Wrist shot by Phillip Danault.
0:32 of 1st period - Stopped by Alexandar Georgiev without a rebound.
0:33 of 1st period - Jordan Eberle wins face-off versus Sean Couturier in Vegas Golden Knights zone.
0:34 of 1st period - Snap shot by Dylan Guenther.
0:34 of 1st period - Stopped by Alexandar Georgiev with a rebound.
0:59 of 1st period - Gabriel Vilardi is hit by Curtis Lazar and loses puck.
1:45 of 1st period - Wrist shot by Gabriel Vilardi.
1:45 of 1st period - Shot Blocked by Jordan Staal.
1:47 of 1st period - Wrist shot by Gabriel Vilardi.
1:47 of 1st period - Shot Blocked by John Marino.
1:49 of 1st period - Slapshot by Brock Faber.
1:49 of 1st period - Shot Misses the Net.
2:09 of 1st period - Jordan Staal is hit by Brock Faber.
2:29 of 1st period - Snap shot by James van Riemsdyk.
2:29 of 1st period - Stopped by Alexandar Georgiev with a rebound.
2:53 of 1st period - Wrist shot by Reilly Smith.
2:53 of 1st period - Deflect By Jordan Staal.
2:53 of 1st period - Stopped by Jordan Binnington without a rebound.
2:54 of 1st period - Sean Couturier wins face-off versus Phillip Danault in Pittsburgh Penguins zone.
2:57 of 1st period - Wrist shot by Sean Couturier.
2:57 of 1st period - Shot Blocked by Blake Coleman.
3:34 of 1st period - Wrist shot by Tyler Toffoli.
3:34 of 1st period - Shot Misses the Net.
4:01 of 1st period - Icing by Curtis Lazar.
4:02 of 1st period - Sean Couturier wins face-off versus Phillip Danault in Vegas Golden Knights zone.
4:02 of 1st period - Sean Couturier is hit by Phillip Danault.
4:11 of 1st period - Icing by Sean Couturier.
4:12 of 1st period - Sean Couturier wins face-off versus Pavel Buchnevich in Vegas Golden Knights zone.
4:21 of 1st period - Snap shot by Cody Glass.
4:21 of 1st period - Stopped by Jordan Binnington with a rebound.
4:23 of 1st period - Snap shot by Marc-Edouard Vlasic.
4:23 of 1st period - Shot Misses the Net.
4:25 of 1st period - Slapshot by Marc-Edouard Vlasic.
4:25 of 1st period - Shot Blocked by Mattias Ekholm.
4:27 of 1st period - Slapshot by Marc-Edouard Vlasic.
4:27 of 1st period - Stopped by Jordan Binnington with a rebound.
4:31 of 1st period - Snap shot by Sean Couturier.
4:31 of 1st period - Stopped by Jordan Binnington with a rebound.
4:33 of 1st period - Slapshot by Marc-Edouard Vlasic.
4:33 of 1st period - Shot Blocked by Leon Draisaitl.
4:45 of 1st period - Wrist shot by Danton Heinen.
4:45 of 1st period - Shot Misses the Net.
5:14 of 1st period - Off-side.
5:15 of 1st period - Sean Monahan wins face-off versus Phillip Danault in neutral zone.
5:18 of 1st period - Snap shot by Tyler Toffoli.
5:18 of 1st period - Shot Blocked by Erik Gudbranson.
5:42 of 1st period - Icing by Jordan Eberle.
5:43 of 1st period - Pierre-edouard Bellemare wins face-off versus Jean-Gabriel Pageau in Pittsburgh Penguins zone.
7:01 of 1st period - Snap shot by Jordan Eberle.
7:01 of 1st period - Shot Blocked by John Marino.
7:03 of 1st period - Wrist shot by Jean-Gabriel Pageau.
7:03 of 1st period - Shot Blocked by Travis Hamonic.
7:05 of 1st period - Slapshot by Brian Dumoulin.
7:05 of 1st period - Deflect By Dylan Guenther.
7:05 of 1st period - Shot Misses the Net.
7:05 of 1st period - Puck is out of play.
7:06 of 1st period - Phillip Danault wins face-off versus Sean Monahan in Vegas Golden Knights zone.
7:32 of 1st period - Mitchell Marner is hit by Sean Couturier and loses puck.
7:45 of 1st period - Wrist shot by Mitchell Marner.
7:45 of 1st period - Stopped by Alexandar Georgiev with a rebound.
7:49 of 1st period - Slapshot by Mitchell Marner.
7:49 of 1st period - Stopped by Alexandar Georgiev without a rebound.
7:50 of 1st period - Sean Monahan wins face-off versus Leon Draisaitl in Vegas Golden Knights zone.
7:50 of 1st period - Sean Monahan is hit by Mattias Ekholm.
8:37 of 1st period - Mitchell Marner is hit by Marc-Edouard Vlasic.
10:26 of 1st period - Danton Heinen is hit by Jake Neighbours and loses puck.
10:51 of 1st period - Wrist shot by Tyler Toffoli.
10:51 of 1st period - Stopped by Jordan Binnington without a rebound.
10:52 of 1st period - Pavel Buchnevich wins face-off versus Jordan Staal in Pittsburgh Penguins zone.
11:25 of 1st period - Wrist shot by Tyler Bertuzzi.
11:25 of 1st period - Stopped by Jordan Binnington with a rebound.
11:27 of 1st period - Slapshot by Marc-Edouard Vlasic.
11:27 of 1st period - Shot Misses the Net.
11:41 of 1st period - Danton Heinen is hit by Mattias Ekholm and loses puck.
12:24 of 1st period - Wrist shot by Sean Monahan.
12:24 of 1st period - Goal by Sean Monahan - Pittsburgh Penguins : 0 - Vegas Golden Knights : 1.
12:25 of 1st period - Jordan Staal wins face-off versus Mitchell Marner in neutral zone.
12:28 of 1st period - Slapshot by Roman Josi.
12:28 of 1st period - Stopped by Jordan Binnington without a rebound.
12:29 of 1st period - Jordan Staal wins face-off versus Blake Coleman in Pittsburgh Penguins zone.
13:02 of 1st period - Wrist shot by Sam Reinhart.
13:02 of 1st period - Stopped by Alexandar Georgiev with a rebound.
13:04 of 1st period - Slapshot by Erik Gudbranson.
13:04 of 1st period - Shot Blocked by Sean Monahan.
13:06 of 1st period - Wrist shot by Sam Reinhart.
13:06 of 1st period - Shot Misses the Net.
13:49 of 1st period - Mark Giordano is hit by Trevor Lewis and loses puck.
14:02 of 1st period - Off-side.
14:03 of 1st period - Jordan Staal wins face-off versus Phillip Danault in neutral zone.
14:30 of 1st period - Leon Draisaitl is hit by Cody Glass and loses puck.
14:58 of 1st period - Icing by Leon Draisaitl.
14:59 of 1st period - Leon Draisaitl wins face-off versus Sean Monahan in Pittsburgh Penguins zone.
15:25 of 1st period - Snap shot by Leon Draisaitl.
15:25 of 1st period - Stopped by Alexandar Georgiev without a rebound.
15:26 of 1st period - Phillip Danault wins face-off versus Jordan Staal in Vegas Golden Knights zone.
16:43 of 1st period - Snap shot by Danton Heinen.
16:43 of 1st period - Stopped by Jordan Binnington with a rebound.
16:45 of 1st period - Slapshot by Travis Hamonic.
16:45 of 1st period - Deflect By Leon Draisaitl.
16:45 of 1st period - Stopped by Jordan Binnington without a rebound.
16:46 of 1st period - Jordan Staal wins face-off versus Phillip Danault in Pittsburgh Penguins zone.
17:34 of 1st period - Brock Faber is hit by Thomas Chabot.
17:53 of 1st period - Off-side.
17:54 of 1st period - Sean Couturier wins face-off versus Gabriel Vilardi in neutral zone.
18:27 of 1st period - Slapshot by Danton Heinen.
18:27 of 1st period - Shot Misses the Net.
19:24 of 1st period - Snap shot by Gabriel Vilardi.
19:24 of 1st period - Stopped by Alexandar Georgiev with a rebound.
19:26 of 1st period - Snap shot by Gabriel Vilardi.
19:26 of 1st period - Shot Blocked by Sean Couturier.
19:28 of 1st period - Slapshot by Brian Dumoulin.
19:28 of 1st period - Shot Blocked by Travis Hamonic.
19:30 of 1st period - Snap shot by Brian Dumoulin.
19:30 of 1st period - Stopped by Alexandar Georgiev without a rebound.
19:31 of 1st period - Jordan Staal wins face-off versus Phillip Danault in Vegas Golden Knights zone.
Goals for this period are 0 for Pittsburgh Penguins vs 1 for Vegas Golden Knights.
Shots for this period are 10 for Pittsburgh Penguins vs 11 for Vegas Golden Knights.
2nd period
0:01 of 2nd period - Sean Monahan wins face-off versus Phillip Danault in neutral zone.
0:16 of 2nd period - Wrist shot by Sean Monahan.
0:16 of 2nd period - Stopped by Jordan Binnington with a rebound.
0:22 of 2nd period - Minor Penalty to Erik Gudbranson for Delaying the game.
0:23 of 2nd period - Leon Draisaitl wins face-off versus Tyler Bertuzzi in Pittsburgh Penguins zone.
0:36 of 2nd period - Wrist shot by Tyler Toffoli.
0:36 of 2nd period - Stopped by Jordan Binnington with a rebound.
0:38 of 2nd period - Backhand shot by Ryan Graves.
0:38 of 2nd period - Shot Blocked by Erik Karlsson.
0:52 of 2nd period - Ryan Graves is hit by Mattias Ekholm and loses puck.
2:11 of 2nd period - Icing by Roman Josi.
2:12 of 2nd period - Sean Monahan wins face-off versus Leon Draisaitl in Vegas Golden Knights zone.
2:22 of 2nd period - Penalty to Erik Gudbranson is over, Erik Gudbranson is back on ice.
3:09 of 2nd period - Wrist shot by Gabriel Vilardi.
3:09 of 2nd period - Shot Blocked by Reilly Smith.
3:11 of 2nd period - Slapshot by Brock Faber.
3:11 of 2nd period - Stopped by Alexandar Georgiev without a rebound.
3:12 of 2nd period - Sean Monahan wins face-off versus Leon Draisaitl in Vegas Golden Knights zone.
3:37 of 2nd period - Mattias Ekholm is hit by Ryan Graves and loses puck.
3:56 of 2nd period - Snap shot by Reilly Smith.
3:56 of 2nd period - Stopped by Jordan Binnington without a rebound.
3:57 of 2nd period - Jean-Gabriel Pageau wins face-off versus Jordan Staal in Pittsburgh Penguins zone.
4:24 of 2nd period - Wrist shot by Tyler Toffoli.
4:24 of 2nd period - Stopped by Jordan Binnington without a rebound.
4:25 of 2nd period - Leon Draisaitl wins face-off versus Sean Monahan in Pittsburgh Penguins zone.
4:50 of 2nd period - Slapshot by Leon Draisaitl.
4:50 of 2nd period - Stopped by Alexandar Georgiev with a rebound.
5:04 of 2nd period - Snap shot by Sean Monahan.
5:04 of 2nd period - Goal by Sean Monahan - Pittsburgh Penguins : 0 - Vegas Golden Knights : 2.
5:05 of 2nd period - Jordan Staal wins face-off versus Phillip Danault in neutral zone.
5:16 of 2nd period - Snap shot by Mitchell Marner.
5:16 of 2nd period - Stopped by Alexandar Georgiev with a rebound.
5:18 of 2nd period - Slapshot by Mark Giordano.
5:18 of 2nd period - Shot Misses the Net.
5:20 of 2nd period - Snap shot by Blake Coleman.
5:20 of 2nd period - Stopped by Alexandar Georgiev with a rebound.
5:22 of 2nd period - Wrist shot by Blake Coleman.
5:22 of 2nd period - Stopped by Alexandar Georgiev without a rebound.
5:23 of 2nd period - Jean-Gabriel Pageau wins face-off versus Sean Monahan in Vegas Golden Knights zone.
5:48 of 2nd period - Erik Gudbranson is hit by Ryan Graves and loses puck.
5:59 of 2nd period - Snap shot by Reilly Smith.
5:59 of 2nd period - Shot Misses the Net.
6:18 of 2nd period - Off-side.
6:19 of 2nd period - Jean-Gabriel Pageau wins face-off versus Sean Monahan in neutral zone.
6:30 of 2nd period - Snap shot by Sean Monahan.
6:30 of 2nd period - Deflect By Tyler Toffoli.
6:30 of 2nd period - Stopped by Jordan Binnington without a rebound.
6:31 of 2nd period - Phillip Danault wins face-off versus Conor Sheary in Pittsburgh Penguins zone.
7:02 of 2nd period - Snap shot by Pavel Buchnevich.
7:02 of 2nd period - Deflect By Sean Monahan.
7:02 of 2nd period - Shot Misses the Net.
7:02 of 2nd period - Puck is out of play.
7:03 of 2nd period - Sean Monahan wins face-off versus Jean-Gabriel Pageau in Vegas Golden Knights zone.
7:08 of 2nd period - Snap shot by Roman Josi.
7:08 of 2nd period - Shot Misses the Net.
7:14 of 2nd period - Wrist shot by Dylan Guenther.
7:14 of 2nd period - Stopped by Alexandar Georgiev without a rebound.
7:15 of 2nd period - Jordan Staal wins face-off versus Leon Draisaitl in Vegas Golden Knights zone.
7:15 of 2nd period - Reilly Smith is hit by Mark Giordano and loses puck.
7:30 of 2nd period - Snap shot by Reilly Smith.
7:30 of 2nd period - Stopped by Jordan Binnington with a rebound.
7:36 of 2nd period - Minor Penalty to Pavel Buchnevich for Cross-checking.
7:37 of 2nd period - Mitchell Marner wins face-off versus Sean Couturier in Pittsburgh Penguins zone.
8:10 of 2nd period - Wrist shot by Tyler Bertuzzi.
8:10 of 2nd period - Stopped by Jordan Binnington without a rebound.
8:11 of 2nd period - Leon Draisaitl wins face-off versus Sean Monahan in Pittsburgh Penguins zone.
8:11 of 2nd period - Leon Draisaitl is hit by Sean Monahan.
9:36 of 2nd period - Penalty to Pavel Buchnevich is over, Pavel Buchnevich is back on ice.
9:46 of 2nd period - Wrist shot by Gabriel Vilardi.
9:46 of 2nd period - Stopped by Alexandar Georgiev without a rebound.
9:47 of 2nd period - Jean-Gabriel Pageau wins face-off versus Pierre-edouard Bellemare in Vegas Golden Knights zone.
9:48 of 2nd period - Snap shot by Jordan Eberle.
9:48 of 2nd period - Shot Misses the Net.
9:56 of 2nd period - Slapshot by Trevor Lewis.
9:56 of 2nd period - Shot Blocked by Jordan Eberle.
10:14 of 2nd period - Sean Couturier is hit by Leon Draisaitl and loses puck.
10:19 of 2nd period - Wrist shot by Sam Reinhart.
10:19 of 2nd period - Stopped by Alexandar Georgiev without a rebound.
10:20 of 2nd period - Jordan Staal wins face-off versus Phillip Danault in Vegas Golden Knights zone.
10:33 of 2nd period - Snap shot by Jordan Staal.
10:33 of 2nd period - Shot Blocked by Mattias Ekholm.
10:35 of 2nd period - Wrist shot by Conor Sheary.
10:35 of 2nd period - Stopped by Jordan Binnington without a rebound.
10:36 of 2nd period - Sean Monahan wins face-off versus Pavel Buchnevich in Pittsburgh Penguins zone.
10:53 of 2nd period - Tyler Bertuzzi is hit by Brock Faber and loses puck.
11:14 of 2nd period - Mattias Ekholm is hit by Reilly Smith and loses puck.
11:29 of 2nd period - Snap shot by Jordan Eberle.
11:29 of 2nd period - Stopped by Alexandar Georgiev with a rebound.
11:31 of 2nd period - Snap shot by Jean-Gabriel Pageau.
11:31 of 2nd period - Shot Misses the Net.
11:35 of 2nd period - Snap shot by Jean-Gabriel Pageau.
11:35 of 2nd period - Stopped by Alexandar Georgiev without a rebound.
11:36 of 2nd period - Jordan Staal wins face-off versus Phillip Danault in Vegas Golden Knights zone.
11:43 of 2nd period - Wrist shot by Jordan Staal.
11:43 of 2nd period - Shot Blocked by Blake Coleman.
11:45 of 2nd period - Snap shot by Conor Sheary.
11:45 of 2nd period - Goal by Conor Sheary - Pittsburgh Penguins : 0 - Vegas Golden Knights : 3.
11:46 of 2nd period - Sean Monahan wins face-off versus Phillip Danault in neutral zone.
12:21 of 2nd period - Wrist shot by Sam Reinhart.
12:21 of 2nd period - Deflect By Pavel Buchnevich.
12:21 of 2nd period - Shot Blocked by Danton Heinen.
12:21 of 2nd period - Puck is out of play.
12:22 of 2nd period - Jean-Gabriel Pageau wins face-off versus Jordan Staal in Vegas Golden Knights zone.
12:25 of 2nd period - Slapshot by Jordan Eberle.
12:25 of 2nd period - Stopped by Alexandar Georgiev with a rebound.
12:27 of 2nd period - Slapshot by Mark Giordano.
12:27 of 2nd period - Goal by Mark Giordano - Pittsburgh Penguins : 1 - Vegas Golden Knights : 3.
12:28 of 2nd period - Jean-Gabriel Pageau wins face-off versus Sean Monahan in neutral zone.
12:38 of 2nd period - Icing by Mattias Ekholm.
12:39 of 2nd period - Jordan Staal wins face-off versus Jean-Gabriel Pageau in Pittsburgh Penguins zone.
12:54 of 2nd period - Snap shot by Jean-Gabriel Pageau.
12:54 of 2nd period - Shot Misses the Net.
13:27 of 2nd period - Wrist shot by Dylan Guenther.
13:27 of 2nd period - Shot Misses the Net.
13:31 of 2nd period - Wrist shot by Jordan Eberle.
13:31 of 2nd period - Shot Misses the Net.
13:33 of 2nd period - Slapshot by Mattias Ekholm.
13:33 of 2nd period - Shot Misses the Net.
13:35 of 2nd period - Snap shot by Jean-Gabriel Pageau.
13:35 of 2nd period - Stopped by Alexandar Georgiev with a rebound.
13:37 of 2nd period - Slapshot by Mattias Ekholm.
13:37 of 2nd period - Stopped by Alexandar Georgiev without a rebound.
13:38 of 2nd period - Phillip Danault wins face-off versus Sean Monahan in Vegas Golden Knights zone.
14:09 of 2nd period - Snap shot by Danton Heinen.
14:09 of 2nd period - Stopped by Jordan Binnington with a rebound.
14:11 of 2nd period - Slapshot by Danton Heinen.
14:11 of 2nd period - Shot Hit the Post.
14:13 of 2nd period - Slapshot by Cody Glass.
14:13 of 2nd period - Stopped by Jordan Binnington with a rebound.
15:07 of 2nd period - Brock Faber is hit by Ryan Graves and loses puck.
15:20 of 2nd period - Snap shot by Reilly Smith.
15:20 of 2nd period - Shot Blocked by Erik Gudbranson.
15:42 of 2nd period - Wrist shot by Sam Reinhart.
15:42 of 2nd period - Stopped by Alexandar Georgiev without a rebound.
15:43 of 2nd period - Sean Monahan wins face-off versus Phillip Danault in Vegas Golden Knights zone.
15:43 of 2nd period - Sean Monahan is hit by Blake Coleman.
16:14 of 2nd period - Wrist shot by Gabriel Vilardi.
16:14 of 2nd period - Stopped by Alexandar Georgiev with a rebound.
16:16 of 2nd period - Snap shot by Jake Neighbours.
16:16 of 2nd period - Shot Blocked by Tyler Toffoli.
16:18 of 2nd period - Snap shot by James van Riemsdyk.
16:18 of 2nd period - Deflect By Gabriel Vilardi.
16:18 of 2nd period - Shot Blocked by Sean Monahan.
16:18 of 2nd period - Puck is out of play.
16:19 of 2nd period - Phillip Danault wins face-off versus Jordan Staal in Vegas Golden Knights zone.
17:17 of 2nd period - Wrist shot by Pavel Buchnevich.
17:17 of 2nd period - Stopped by Alexandar Georgiev without a rebound.
17:18 of 2nd period - Phillip Danault wins face-off versus Sean Monahan in Vegas Golden Knights zone.
17:35 of 2nd period - Icing by Tyler Bertuzzi.
17:36 of 2nd period - Sean Monahan wins face-off versus Leon Draisaitl in Vegas Golden Knights zone.
18:16 of 2nd period - Snap shot by Conor Sheary.
18:16 of 2nd period - Stopped by Jordan Binnington with a rebound.
18:27 of 2nd period - Icing by Dylan Guenther.
18:28 of 2nd period - Sean Couturier wins face-off versus Jean-Gabriel Pageau in Pittsburgh Penguins zone.
18:35 of 2nd period - Wrist shot by Danton Heinen.
18:35 of 2nd period - Stopped by Jordan Binnington with a rebound.
18:41 of 2nd period - Marc-Edouard Vlasic is hit by Mattias Ekholm and loses puck.
19:22 of 2nd period - Wrist shot by Conor Sheary.
19:22 of 2nd period - Shot Blocked by Erik Gudbranson.
19:48 of 2nd period - Slapshot by Ryan Graves.
19:48 of 2nd period - Deflect By Pierre-edouard Bellemare.
19:48 of 2nd period - Shot Misses the Net.
19:48 of 2nd period - Puck is out of play.
19:49 of 2nd period - Leon Draisaitl wins face-off versus Sean Monahan in Pittsburgh Penguins zone.
Goals for this period are 1 for Pittsburgh Penguins vs 2 for Vegas Golden Knights.
Shots for this period are 17 for Pittsburgh Penguins vs 14 for Vegas Golden Knights.
3rd period
0:01 of 3rd period - Phillip Danault wins face-off versus Jordan Staal in neutral zone.
0:26 of 3rd period - Tyler Bertuzzi is hit by Leon Draisaitl and loses puck.
0:51 of 3rd period - Dylan Guenther is hit by Roman Josi and loses puck.
0:56 of 3rd period - Slapshot by Roman Josi.
0:56 of 3rd period - Shot Misses the Net.
0:58 of 3rd period - Slapshot by Ryan Graves.
0:58 of 3rd period - Deflect By Sean Couturier.
0:58 of 3rd period - Shot Misses the Net.
0:58 of 3rd period - Puck is out of play.
0:59 of 3rd period - Jordan Staal wins face-off versus Phillip Danault in Pittsburgh Penguins zone.
1:04 of 3rd period - Snap shot by Conor Sheary.
1:04 of 3rd period - Shot Misses the Net.
1:07 of 3rd period - Icing by Phillip Danault.
1:08 of 3rd period - Jordan Staal wins face-off versus Phillip Danault in Pittsburgh Penguins zone.
1:13 of 3rd period - Snap shot by Conor Sheary.
1:13 of 3rd period - Shot Blocked by Erik Karlsson.
1:19 of 3rd period - Wrist shot by Mitchell Marner.
1:19 of 3rd period - Shot Misses the Net.
1:21 of 3rd period - Slapshot by Blake Coleman.
1:21 of 3rd period - Shot Misses the Net.
1:23 of 3rd period - Wrist shot by Mattias Ekholm.
1:23 of 3rd period - Stopped by Alexandar Georgiev without a rebound.
1:24 of 3rd period - Leon Draisaitl wins face-off versus Sean Monahan in Vegas Golden Knights zone.
2:15 of 3rd period - Snap shot by Danton Heinen.
2:15 of 3rd period - Stopped by Jordan Binnington with a rebound.
3:19 of 3rd period - Snap shot by Reilly Smith.
3:19 of 3rd period - Shot Misses the Net.
3:21 of 3rd period - Snap shot by Ryan Graves.
3:21 of 3rd period - Stopped by Jordan Binnington with a rebound.
3:23 of 3rd period - Wrist shot by Jordan Staal.
3:23 of 3rd period - Deflect By Reilly Smith.
3:23 of 3rd period - Shot Misses the Net.
3:23 of 3rd period - Puck is out of play.
3:24 of 3rd period - Tyler Bertuzzi wins face-off versus Leon Draisaitl in Pittsburgh Penguins zone.
3:39 of 3rd period - Snap shot by Sean Monahan.
3:39 of 3rd period - Stopped by Jordan Binnington with a rebound.
3:53 of 3rd period - Wrist shot by Reilly Smith.
3:53 of 3rd period - Shot Misses the Net.
3:55 of 3rd period - Snap shot by Jordan Staal.
3:55 of 3rd period - Shot Misses the Net.
3:57 of 3rd period - Slapshot by Marc-Edouard Vlasic.
3:57 of 3rd period - Shot Misses the Net.
4:34 of 3rd period - Jake Neighbours is hit by Tyler Toffoli and loses puck.
4:43 of 3rd period - Tyler Bertuzzi is hit by James van Riemsdyk.
5:11 of 3rd period - Erik Gudbranson is hit by Reilly Smith and loses puck.
6:13 of 3rd period - Dylan Guenther is hit by Reilly Smith and loses puck.
6:26 of 3rd period - Reilly Smith is hit by Brian Dumoulin and loses puck.
6:59 of 3rd period - Snap shot by Jordan Eberle.
6:59 of 3rd period - Stopped by Alexandar Georgiev with a rebound.
7:01 of 3rd period - Slapshot by Mark Giordano.
7:01 of 3rd period - Deflect By Dylan Guenther.
7:01 of 3rd period - Shot Blocked by Conor Sheary.
7:01 of 3rd period - Puck is out of play.
7:02 of 3rd period - Phillip Danault wins face-off versus Sean Monahan in Vegas Golden Knights zone.
7:08 of 3rd period - Minor Penalty to Erik Gudbranson for Interference.
7:09 of 3rd period - Leon Draisaitl wins face-off versus Sean Monahan in Pittsburgh Penguins zone.
7:20 of 3rd period - Snap shot by Tyler Toffoli.
7:20 of 3rd period - Deflect By Sean Monahan.
7:20 of 3rd period - Shot Misses the Net.
7:20 of 3rd period - Puck is out of play.
7:21 of 3rd period - Sean Couturier wins face-off versus Mitchell Marner in Pittsburgh Penguins zone.
9:08 of 3rd period - Penalty to Erik Gudbranson is over, Erik Gudbranson is back on ice.
9:23 of 3rd period - Pierre-edouard Bellemare is hit by Mattias Ekholm and loses puck.
9:31 of 3rd period - Minor Penalty to Dylan Guenther for Tripping.
9:32 of 3rd period - Sean Monahan wins face-off versus Leon Draisaitl in Pittsburgh Penguins zone.
9:32 of 3rd period - Wrist shot by Tyler Toffoli.
9:32 of 3rd period - Shot Misses the Net.
9:34 of 3rd period - Slapshot by Thomas Chabot.
9:34 of 3rd period - Deflect By Tyler Toffoli.
9:34 of 3rd period - Stopped by Jordan Binnington without a rebound.
9:35 of 3rd period - Leon Draisaitl wins face-off versus Sean Monahan in Pittsburgh Penguins zone.
11:31 of 3rd period - Penalty to Dylan Guenther is over, Dylan Guenther is back on ice.
11:36 of 3rd period - Erik Gudbranson is hit by Tyler Toffoli and loses puck.
11:57 of 3rd period - Wrist shot by Pierre-edouard Bellemare.
11:57 of 3rd period - Stopped by Jordan Binnington without a rebound.
11:58 of 3rd period - Gabriel Vilardi wins face-off versus Danton Heinen in Pittsburgh Penguins zone.
12:05 of 3rd period - Slapshot by Sean Couturier.
12:05 of 3rd period - Shot Blocked by Brian Dumoulin.
12:07 of 3rd period - Slapshot by John Marino.
12:07 of 3rd period - Shot Blocked by Brian Dumoulin.
12:21 of 3rd period - Travis Hamonic is hit by Sam Reinhart and loses puck.
12:32 of 3rd period - Trevor Lewis is hit by Brian Dumoulin and loses puck.
12:47 of 3rd period - Mitchell Marner is hit by Reilly Smith and loses puck.
12:52 of 3rd period - Snap shot by Reilly Smith.
12:52 of 3rd period - Deflect By Jordan Staal.
12:52 of 3rd period - Stopped by Jordan Binnington without a rebound.
12:53 of 3rd period - Sean Monahan wins face-off versus Phillip Danault in Pittsburgh Penguins zone.
13:23 of 3rd period - Wrist shot by Leon Draisaitl.
13:23 of 3rd period - Stopped by Alexandar Georgiev with a rebound.
13:25 of 3rd period - Snap shot by Leon Draisaitl.
13:25 of 3rd period - Stopped by Alexandar Georgiev with a rebound.
13:29 of 3rd period - Snap shot by Sam Reinhart.
13:29 of 3rd period - Stopped by Alexandar Georgiev with a rebound.
13:31 of 3rd period - Wrist shot by Sam Reinhart.
13:31 of 3rd period - Stopped by Alexandar Georgiev with a rebound.
14:03 of 3rd period - Snap shot by Curtis Lazar.
14:03 of 3rd period - Stopped by Jordan Binnington without a rebound.
14:04 of 3rd period - James van Riemsdyk wins face-off versus Pierre-edouard Bellemare in Pittsburgh Penguins zone.
14:04 of 3rd period - James van Riemsdyk is hit by Curtis Lazar.
14:34 of 3rd period - Snap shot by James van Riemsdyk.
14:34 of 3rd period - Shot Misses the Net.
14:36 of 3rd period - Slapshot by Erik Karlsson.
14:36 of 3rd period - Shot Blocked by Ryan Graves.
14:38 of 3rd period - Wrist shot by Gabriel Vilardi.
14:38 of 3rd period - Shot Blocked by Roman Josi.
14:42 of 3rd period - Snap shot by James van Riemsdyk.
14:42 of 3rd period - Stopped by Alexandar Georgiev with a rebound.
14:44 of 3rd period - Snap shot by Gabriel Vilardi.
14:44 of 3rd period - Stopped by Alexandar Georgiev with a rebound.
14:52 of 3rd period - Wrist shot by Gabriel Vilardi.
14:52 of 3rd period - Shot Blocked by Curtis Lazar.
14:54 of 3rd period - Slapshot by Erik Gudbranson.
14:54 of 3rd period - Stopped by Alexandar Georgiev without a rebound.
14:55 of 3rd period - Sean Monahan wins face-off versus Phillip Danault in Vegas Golden Knights zone.
15:33 of 3rd period - Snap shot by Cody Glass.
15:33 of 3rd period - Shot Blocked by Mattias Ekholm.
16:08 of 3rd period - Snap shot by Mitchell Marner.
16:08 of 3rd period - Stopped by Alexandar Georgiev without a rebound.
16:09 of 3rd period - Phillip Danault wins face-off versus Sean Couturier in Vegas Golden Knights zone.
16:18 of 3rd period - Mark Giordano is hit by Sean Couturier and loses puck.
16:25 of 3rd period - Blake Coleman is hit by Ryan Graves and loses puck.
17:06 of 3rd period - Snap shot by Brock Faber.
17:06 of 3rd period - Stopped by Alexandar Georgiev without a rebound.
17:07 of 3rd period - Jean-Gabriel Pageau wins face-off versus Cody Glass in Vegas Golden Knights zone.
17:18 of 3rd period - Snap shot by Danton Heinen.
17:18 of 3rd period - Shot Misses the Net.
17:59 of 3rd period - Slapshot by John Marino.
17:59 of 3rd period - Deflect By Jake Neighbours.
17:59 of 3rd period - Stopped by Jordan Binnington with a rebound.
18:01 of 3rd period - Wrist shot by Reilly Smith.
18:01 of 3rd period - Stopped by Jordan Binnington without a rebound.
18:02 of 3rd period - Jean-Gabriel Pageau wins face-off versus Reilly Smith in Pittsburgh Penguins zone.
18:11 of 3rd period - Wrist shot by Jean-Gabriel Pageau.
18:11 of 3rd period - Shot Blocked by Thomas Chabot.
18:13 of 3rd period - Slapshot by Mattias Ekholm.
18:13 of 3rd period - Shot Misses the Net.
18:15 of 3rd period - Slapshot by Erik Karlsson.
18:15 of 3rd period - Shot Blocked by Jordan Staal.
18:17 of 3rd period - Slapshot by Erik Karlsson.
18:17 of 3rd period - Deflect By Dylan Guenther.
18:17 of 3rd period - Shot Blocked by Conor Sheary.
18:17 of 3rd period - Puck is out of play.
18:18 of 3rd period - Sean Couturier wins face-off versus Leon Draisaitl in Vegas Golden Knights zone.
18:28 of 3rd period - Minor Penalty to Mattias Ekholm for Interference.
18:29 of 3rd period - Sean Couturier wins face-off versus Leon Draisaitl in Pittsburgh Penguins zone.
18:31 of 3rd period - Snap shot by Sean Couturier.
18:31 of 3rd period - Shot Misses the Net.
18:40 of 3rd period - Icing by Reilly Smith.
18:41 of 3rd period - Sean Couturier wins face-off versus Mitchell Marner in Vegas Golden Knights zone.
Goals for this period are 0 for Pittsburgh Penguins vs 0 for Vegas Golden Knights.
Shots for this period are 11 for Pittsburgh Penguins vs 9 for Vegas Golden Knights.
Back to the Top